 Dungeon Crawl Stone Soup version 0.28-a0-1159-g27aa881441 (webtiles) character file.

Game seed: 9461262249215925953

51 mainiacjoe the Gusty (level 3, -2/17 (21) HPs)
             Began as an Octopode Air Elementalist on Dec 16, 2021.
             Slain by Ijyb (3 damage)
             ... on level 3 of the Dungeon.
             The game lasted 00:05:24 (2285 turns).

mainiacjoe the Gusty (Octopode Air Elementalist)    Turns: 2285, Time: 00:05:25

HP:   -2/17 (21)    AC:  1    Str:  7    XL:     3   Next: 83%
MP:   0/6           EV: 13    Int: 19    God:
Gold: 66            SH:  0    Dex: 12    Spells: 0/6 levels left

rFire   . . .      SeeInvis .   b - +0 mace
rCold   . . .      Faith    .   (no shield)
rNeg    . . .      Spirit   .   (helmet restricted)
rPois   .          Reflect  .   (no amulet)
rElec   .          Harm     .   (no ring)
rCorr   .          Rampage  .   (no ring)
Will    .....                   (no ring)
Stlth   +++.......              (no ring)
HPRegen 0.05/turn               (no ring)
MPRegen 0.10/turn               (no ring)
                                (no ring)
                                (no ring)

@: heavily drained
A: almost no armour, amphibious, 8 rings, camouflage 1, gelatinous body 1,
(nimble swimmer 1), tentacles
a: no special abilities


You were on level 3 of the Dungeon.
You visited 1 branch of the dungeon, and saw 3 of its levels.

You collected 66 gold pieces.

Inventory:

Hand Weapons
 b - a +0 mace (weapon)
Missiles
 c - 34 arrows
 d - 2 boomerangs
 f - 49 stones (quivered)
 i - 22 bolts
Magical Staves
 a - a staff of conjuration {!a}
Scrolls
 e - a scroll of magic mapping
 g - a scroll of silence
 h - a scroll of fear
 j - a scroll of enchant weapon {unknown}
 k - a scroll of blinking {unknown}
Potions
 l - 3 potions of brilliance {unknown}


   Skills:
 - Level 2.0 Dodging
 + Level 3.6 Stealth
 + Level 2.4 Spellcasting
 - Level 1.0 Conjurations
 * Level 3.9 Air Magic


You couldn't memorise any spells.
You knew the following spells:

 Your Spells              Type           Power      Damage    Failure   Level
a - Shock                 Conj/Air       44%        1d5       6%          1
b - Static Discharge      Conj/Air       11%        N/A       9%          2
c - Swiftness             Air            17%        N/A       10%         3

Your spell library contained the following spells:

 Spells                   Type           Power      Damage    Failure   Level
 Animate Skeleton         Necr           4%         N/A       16%         1
 Pain                     Necr           8%         1d4       16%         1
 Airstrike                Air            8%         N/A       30%         4
 Vampiric Draining        Necr           2%         2d6       43%         3


Dungeon Overview and Level Annotations

Branches:
Dungeon (3/15)

Altars:
Gozag
Xom

Shops:
D:3 *

Annotations:
D:3 Ijyb


Innate Abilities, Weirdness & Mutations

You cannot wear most types of armour.
You are amphibious.
You can wear up to eight rings at the same time.
Your skin changes colour to match your surroundings (Stealth+).
Your rubbery body absorbs attacks. (AC +1, EV +1)
((You are camouflaged near water. (Stealth+)))
You have tentacles for arms and can constrict up to eight enemies at once.


Message History

Press: ? - help, Shift-Dir - straight line, f - orc
Aim: an orc, wielding a +0 hand axe (moderately wounded, 71% to hit)
You feel a surge of power!
The zap misses the orc.
The zap misses Ijyb.
Casting: Shock (safe; 6% risk of failure)
Confirm with . or Enter, or press ? or * to list all spells.
Aiming: Shock (safe; 6% risk of failure)
Press: ? - help, Shift-Dir - straight line, f/p - orc
Aim: an orc, wielding a +0 hand axe (moderately wounded, 71% to hit)
You feel a surge of power!
The zap hits the orc.
The orc is severely wounded.
The zap hits Ijyb.
Ijyb is lightly wounded.
Casting: Shock (safe; 6% risk of failure)
Confirm with . or Enter, or press ? or * to list all spells.
Aiming: Shock (safe; 6% risk of failure)
Press: ? - help, Shift-Dir - straight line, f/p - orc
Aim: an orc, wielding a +0 hand axe (severely wounded, 71% to hit)
You feel a surge of power!
The zap hits the orc.
The orc is almost dead.
The zap hits Ijyb.
Ijyb is moderately wounded.
The orc hits you with a +0 hand axe.
b - a +0 mace (weapon)
The orc closely misses you.
You hit the orc.
You kill the orc!
Ijyb hits you with a +5 dagger of draining!
You feel drained.
Casting: Shock (safe; 6% risk of failure)
Confirm with . or Enter, or press ? or * to list all spells.
Aiming: Shock (safe; 6% risk of failure)
Press: ? - help, Shift-Dir - straight line The zap hits Ijyb.
Ijyb is moderately wounded.
The zap hits Ijyb.
Ijyb is moderately wounded.
Ijyb hits you with a +5 dagger of draining.
* * * LOW HITPOINT WARNING * * *
You feel drained.
You die...

#####...[###.....g
###..##..#.....(.[..
##.##.......##....... #
...##..####.......... .#
#.#..## ###......... ..#
#...## #...##..#... ..
##..######.####.########.#
.................g.......#
#..######.##....@######..#
...# ###.##.##.## .##
..#####......##.# ##
#.##....#.#####.#
..#.......# ##.#
..##⌠###### #...#
.##≈≈.######>.###
##≈.^_.##.#..# .
#.≈≈..^♣#...### ##..


You could see Ijyb.

Vanquished Creatures
  An adder (D:2)
  A dart slug (D:2)
  An orc (D:3)
  2 ball pythons (D:2)
  5 endoplasms
  4 giant cockroaches
  6 hobgoblins
  A quokka (D:1)
  A bat (D:2)
  3 frilled lizards (D:1)
  5 goblins
  6 rats
36 creatures vanquished.

Notes
Turn   | Place    | Note
-------+----------+-------------------------------------------
     0 | D:1      | mainiacjoe the Octopode Air Elementalist began the quest
                  | for the Orb.
     0 | D:1      | Reached XP level 1. HP: 11/11 MP: 3/3
   346 | D:1      | Reached XP level 2. HP: 17/17 MP: 3/5
   349 | D:1      | Learned a level 2 spell: Static Discharge
   445 | D:1      | Found a faded altar of an unknown god.
  1127 | D:2      | Found a shimmering altar of Xom.
  1314 | D:2      | Reached XP level 3. HP: 18/21 MP: 1/6
  1569 | D:2      | Learned a level 3 spell: Swiftness
  2027 | D:3      | Found an opulent altar of Gozag.
  2027 | D:3      | Found Gozag's Platinum Reserve.
  2113 | D:3      | Found a shimmering altar of Xom.
  2113 | D:3      | Found a shimmering altar of Xom.
  2116 | D:3      | Found a shimmering altar of Xom.
  2238 | D:3      | Noticed Ijyb
  2285 | D:3      | Slain by Ijyb

Illustrated notes

Levels and vault maps discovered:
D:1:      psy_arrival_spokes, layout_basic, shapermc_ecumenical_altar_pompeii
D:2:      layout_basic, basic_altar
D:3:      layout_rooms, zin_angel, xom_redecorated,
          nicolae_gozag_zags_fifth_avenue, uniq_ijyb

Skill      XL: |  1 |
---------------+----+-----
Stealth        | 3 |  3.6
Dodging        | |  2.0
Spellcasting   | |  2.4
Conjurations   | |  1.0
Air Magic      | |  3.9

Action                   || total
-------------------------++-------
Melee: Mace              ||    15
       Constrict         ||     4
       Tentacles         ||     2
       Unarmed           ||     1
 Cast: Shock             ||    46
       Static Discharge  ||     4
  Use: Scroll            ||     3
 Stab: Sleeping          ||     5
Armor: Skin              ||     1
Dodge: Dodged            ||    14

Table legend: (Time is in decaauts)
 A = Elapsed time spent in this place.
 B = Non-inter-level travel time spent in this place.
 C = Inter-level travel time spent in this place.
 D = Time resting spent in this place.
 E = Time spent auto-exploring this place.
 F = Levels seen in this place.
 G = Mean time per level.
                   A        B        C        D        E       F      G
               +--------+--------+--------+--------+--------+-----+--------+
         Total |   2288 |   2234 |     54 |      0 |   2030 |   3 |  762.7 |
       Dungeon |   2288 |   2234 |     54 |      0 |   2030 |   3 |  762.7 |
               +--------+--------+--------+--------+--------+-----+--------+

Top non-repeatable levels by time:
     D:1: 1132 daAuts
     D:2: 898 daAuts
     D:3: 257 daAuts
